 Dungeon Crawl Stone Soup version 0.20-a0-350-ga83eecc (webtiles) character file.

1252 TheGoonsmith the Grappler (level 8, -1/39 HPs)
             Began as a Vine Stalker Fighter on Dec 23, 2016.
             Was an Initiate of Cheibriados.
             Slain by an orc
             ... wielding a +0 flail
              (2 damage)
             ... on level 6 of the Dungeon.
             The game lasted 00:08:16 (4436 turns).

TheGoonsmith the Grappler (Vine Stalker Fighter)    Turns: 4436, Time: 00:08:17

Health: -1/39      AC: 17    Str: 26    XL:     8   Next: 51%
Magic:  0/9        EV:  8    Int:  9    God:    Cheibriados [......]
Gold:   277        SH:  0    Dex: 16    Spells: 7/7 levels left

rFire  . . .     SeeInvis .       - Unarmed
rCold  + . .     Gourm    .     c - +3 chain mail {rC+}
rNeg   . . .     Faith    .     (no shield)
rPois  .         Spirit   +     h - +1 helmet
rElec  .         Reflect  .     (no cloak)
rCorr  .         Harm     .     i - +2 pair of gloves
MR     +....                    (no boots)
Stlth  ..........               (no amulet)
                                (no ring)
                                m - ring of stealth

@: mighty, very slow
A: fangs 3, regeneration 1, magic shield, antimagic bite, no device heal 3, rot
immunity
a: Bend Time, Renounce Religion


You were on level 6 of the Dungeon.
You worshipped Cheibriados.
Cheibriados was noncommittal.
You were not hungry.

You visited 2 branches of the dungeon, and saw 7 of its levels.
You also visited: Sewer.

You collected 277 gold pieces.

Inventory:

Missiles
 o - 15 tomahawks (quivered)
 v - a throwing net
Armour
 a - a +0 scale mail
 b - a +0 shield
 c - a +3 chain mail of cold resistance (worn)
 h - a +1 helmet (worn)
 i - a +2 pair of gloves (worn)
Jewellery
 m - a ring of stealth (left hand)
Wands
 t - a wand of disintegration (14/24)
Scrolls
 f - 2 scrolls of random uselessness
 l - 2 scrolls of magic mapping
 q - 2 scrolls of remove curse
 r - a scroll of identify
 w - 4 scrolls of teleportation
Potions
 e - 2 potions of flight
 g - a potion of invisibility
 j - 2 potions of curing
 n - a potion of berserk rage
Comestibles
 d - 6 bread rations
 k - 2 meat rations
 p - a slice of pizza
 s - a chunk of flesh
 u - a beef jerky


   Skills:
 - Level 2.6 Fighting
 - Level 2.4 Armour
 - Level 4.1 Shields
 * Level 9.5 Unarmed Combat


You had 7 spell levels left.
You didn't know any spells.

Dungeon Overview and Level Annotations

Branches:
Dungeon (6/15)             Temple (1/1) D:4

Altars:
Cheibriados
Dithmenos
Elyvilon
Fedhas
Gozag
Hepliaklqana
Kikubaaqudgha
Makhleb
Nemelex Xobeh
Qazlal
Trog
Uskayaw
Yredelemnul
Zin


Innate Abilities, Weirdness & Mutations

You have razor-sharp teeth.
Your natural rate of healing is unusually fast.
When hurt, damage is shared between your health and your magic reserves.
Your bite disrupts and absorbs the magic of your enemies.
Potions cannot restore your health.
You are immune to rotting.


Message History

* * * LOW HITPOINT WARNING * * *
The orc barely misses you.
The orc priest hits you but does no damage.
You punch the orc warrior!
You kill the orc warrior!
Cheibriados appreciates the change of pace.
The orc barely misses you. x2
You punch the orc priest! Your bite misses the orc priest.
The orc priest is severely wounded.
The orc completely misses you.
The orc priest mumbles some strange prayers to Beogh against you.
Beogh smites you!
* * * LOW HITPOINT WARNING * * *
The orc completely misses you.
Okay, then.
You punch the orc priest!
You kill the orc priest!
Cheibriados thoroughly appreciates the change of pace.
The orc hits you with a flail.
You die...

#####...#.....## ##........##..
##.##...##....## #............
....#...###....## #............
....#..## ##....###
#............ ....#..#
##.....###.....####### .......##
#...........### # ........#
#...........# ........#
#...o)....... .....>..#
##..@).......## ........#
#..oo........# # #.......#
#............## # ##.......
...............# # #........
..............<.## #
#......>...................#####
........................
.......#................
......#######.......#####


You could see 3 orcs.

Vanquished Creatures
  Edmund (D:5)
  The ghost of TheGoonsmith the Ruffian, an amateur VSMo (D:4)
  Duvessa (D:4)
  Purgy (Sewer)
  An ice beast (D:6)
  An orc warrior (D:6)
  Dowan (D:4)
  A scorpion (D:4)
  A water moccasin skeleton (D:5)
  A bullfrog zombie (D:5)
  A hound (D:5)
  2 orc priests
  4 orc wizards
  2 bullfrog skeletons (D:5)
  4 gnolls (D:4)
  6 adders
  An adder skeleton (D:4)
  4 worms
  4 dart slugs
  3 leopard geckos
  9 orcs
  5 bats
  11 giant cockroaches
  9 hobgoblins
  11 jackals
  2 quokkas
  A ball python skeleton (D:4)
  3 frilled lizards
  2 goblins
  11 kobolds
  7 rats
112 creatures vanquished.

Notes
Turn   | Place    | Note
-------+----------+-------------------------------------------
     0 | D:1      | TheGoonsmith the Vine Stalker Fighter began the quest for the Orb.
     0 | D:1      | Reached XP level 1. HP: 11/11 MP: 2/2
   183 | D:1      | Reached XP level 2. HP: 16/16 MP: 3/3
   943 | D:2      | Reached skill level 3 in Unarmed Combat
   943 | D:2      | Reached XP level 3. HP: 17/19 MP: 4/4
  1446 | D:2      | Gained mutation: Your natural rate of healing is unusually fast. [Vine Stalker growth]
  1446 | D:2      | Reached XP level 4. HP: 16/23 MP: 5/5
  1647 | D:3      | Reached skill level 4 in Unarmed Combat
  1664 | D:3      | Found a glowing drain.
  1673 | Sewer    | Entered a sewer
  1696 | Sewer    | Reached XP level 5. HP: 27/27 MP: 6/6
  1752 | Sewer    | Noticed Purgy
  1772 | Sewer    | Killed Purgy
  1880 | D:3      | Reached XP level 6. HP: 29/32 MP: 5/7
  1917 | D:3      | Found a sparkling altar of Nemelex Xobeh.
  1956 | D:3      | Found an opulent altar of Gozag.
  2086 | D:3      | Found a hide-covered altar of Uskayaw.
  2527 | D:4      | Reached skill level 5 in Unarmed Combat
  2543 | D:4      | Found a staircase to the Ecumenical Temple.
  2560 | Temple   | Entered the Ecumenical Temple
  2862 | D:4      | Noticed Dowan
  2865 | D:4      | Noticed Duvessa
  2880 | D:4      | Killed Duvessa
  2882 | D:4      | Killed Dowan
  2882 | D:4      | Reached skill level 6 in Unarmed Combat
  2912 | D:4      | Reached XP level 7. HP: 21/35 MP: 8/8
  2980 | D:4      | Noticed TheGoonsmith's ghost (amateur VSMo)
  3005 | D:4      | Killed TheGoonsmith's ghost
  3005 | D:4      | Reached skill level 7 in Unarmed Combat
  3259 | D:4      | You fall through a shaft!
  3259 | D:5      | Entered Level 5 of the Dungeon
  3660 | D:5      | Reached skill level 8 in Unarmed Combat
  3772 | D:5      | Gained mutation: You have razor-sharp teeth. [Vine Stalker growth]
  3772 | D:5      | Reached XP level 8. HP: 35/39 MP: 9/9
  3774 | D:5      | Found a snail-covered altar of Cheibriados.
  3793 | D:5      | Became a worshipper of Cheibriados the Contemplative
  3939 | D:5      | Noticed Edmund
  3961 | D:5      | Killed Edmund
  4009 | D:5      | Found a shadowy altar of Dithmenos.
  4287 | D:6      | Reached skill level 9 in Unarmed Combat
  4435 | D:6      | HP: 1/39 [orc priest/divine providence (7)]
  4436 | D:6      | Slain by an orc

Vault maps used:
D:1:      dpeg_arrival_water_fire
D:2:      first_bread, kennysheep_generic_room_15
D:3:      nicolae_overflow_hidden_temple, overflow_temple_1_default,
          nemelex_xobeh_ov_fountains_minmay, gup_sewer_entry_glass
D:4:      uniq_duvessa
D:5:      kennysheep_little_box, kennysheep_slug_shrine, uniq_edmund
D:6:      nicolae_overflow_quartered_altars
Temple:   compressed_dpeg_triangle_lava_temple
Sewer:    sewer_the_crocodile

Skill      XL: |  1  2  3  4  5  6  7  8 |
---------------+-------------------------+-----
Shields        | 3 4 |  4.1
Unarmed Combat | 3 4 6 8 9 |  9.5
Fighting       | |  2.6
Armour         | |  2.4

Action                   |  1- 3 |  4- 6 |  7- 9 || total
-------------------------+-------+-------+-------++-------
Melee: Unarmed           |   153 |   152 |   164 ||   469
       Bite              |    46 |    49 |    58 ||   153
       Punch             |       |       |     1 ||     1
  Use: Scroll            |       |     7 |     5 ||    12
       Potion            |       |     1 |     1 ||     2
  Eat: Chunk             |     1 |     5 |     6 ||    12
Armor: Scale mail        |    87 |    76 |       ||   163
       Chain mail        |       |       |    90 ||    90
Dodge: Dodged            |    66 |    36 |    52 ||   154
Block: Shield            |    90 |    62 |       ||   152
